Map: Lightshade LE

Players

ALLMIGHT - Winner!

  • Race: Zerg Zerg
  • League: Grandmaster

llllllIIIIII

  • Race: Protoss Protoss
  • League: Master

VOD

Have the link to the VOD?

Description

Time

  • Played on: June 4, 2021, 12:15 p.m.
  • Length: 19:30
Show
View Real Time Build Order
Export as new Build Order

ALLMIGHT Zerg - Winner!

Build Orders: Hatch First 

Get SALT Encoding   

  12  0:02  Drone  
  13  0:13  Overlord  
  13  0:17  Drone  
  14  0:31  Drone x2  
  16  0:50  Hatchery  
  16  0:54  Drone  
  16  0:55  Drone  
  17  1:03  Drone  
  18  1:07  Drone  
  20  1:32  Drone x2  
  21  1:41  Spawning Pool  
  20  1:52  Drone  
  19  2:05  Drone x2  
  21  2:15  Drone x2  
  21  2:21  Drone  
  23  2:24  Extractor  
  23  2:25  Drone  
  23  2:26  Extractor  
  22  2:32  Queen  
  24  2:45  Drone x2  
  26  3:00  Zergling x4  
  26  3:04  Overlord  
  28  3:15  Lair  
  28  3:17  Overlord  
  28  3:27  Drone x3  
  31  3:30  Drone  
  32  3:43  Hatchery  
  31  3:53  Metabolic Boost  
  29  3:56  Drone  
  29  4:12  Zergling x8  
  29  4:16  Nydus Network  
  31  4:25  Zergling x6  
  34  4:36  Zergling x2  
  31  4:48  Queen  
  31  4:49  Zergling x4  
  31  4:50  Zergling x4  
  34  5:04  Nydus Canal  
  34  5:05  Drone  
  32  5:12  Zergling x4  
  32  5:35  Drone x2  
  32  5:42  Drone x3  
  35  5:50  Hydralisk Den  
  33  6:13  Drone x3  
  37  6:22  Overlord x3, Extractor x2  
  31  6:43  Muscular Augments  
  31  6:55  Hatchery, Spawning Pool  
  31  6:57  Drone x2  
  31  7:04  Drone x2  
  33  7:23  Hydralisk x3  
  39  7:31  Hydralisk  
  39  7:36  Hydralisk  
  42  7:44  Hydralisk  
  42  7:53  Hydralisk  
  42  7:54  Hydralisk  
  41  7:59  Zergling x2  
  40  8:07  Zergling x4  
  37  8:19  Zergling x2  
  22  8:41  Drone  
  23  8:52  Drone x2  
  25  9:00  Drone  
  26  9:08  Drone  
  27  9:18  Drone x2  
  27  9:22  Drone  
  30  9:27  Drone  
  30  9:31  Drone  
  32  9:35  Drone  
  33  9:43  Drone x2  
  35  9:48  Drone  
  36  9:57  Drone x3  
  39  10:01  Drone x2  
  39  10:04  Drone  
  42  10:09  Drone x2  
  44  10:16  Drone x2  
  46  10:21  Drone x3  
  46  10:25  Drone x2  
  51  10:40  Drone x2  
  51  10:41  Drone  
  54  10:48  Overlord x2  
  54  10:49  Queen  
  56  10:56  Overlord, Extractor  
  55  10:57  Drone x3  
  55  10:59  Grooved Spines  
  55  11:03  Evolution Chamber  
  57  11:16  Drone x4  
  61  11:20  Hatchery  
  60  11:32  Zerg Missile Weapons Level 1  
  60  11:35  Overlord x2, Extractor  
  60  11:36  Lair  
  59  11:42  Drone  
  59  11:44  Roach Warren  
  59  11:45  Drone x2  
  61  11:50  Drone x3  
  64  12:00  Drone  
  65  12:18  Spore Crawler  
  65  12:20  Spore Crawler  
  65  12:21  Hydralisk x6  
  75  12:37  Glial Reconstitution  
  75  12:39  Drone x8  
  75  12:40  Queen  
  85  12:51  Drone x3  
  88  12:56  Overlord x2  
  88  13:01  Infestation Pit  
  87  13:05  Overseer  
  87  13:14  Overlord x2  
  87  13:16  Drone x7  
  87  13:17  Drone  
  95  13:24  Overlord  
  95  13:29  Zerg Missile Weapons Level 2  
  95  13:32  Spore Crawler  
  95  13:33  Hydralisk x5  
  104  13:40  Hive  
  104  13:44  Drone x6  
  104  13:48  Extractor x2  
  108  13:56  Hydralisk  
  108  13:57  Hydralisk x4  
  118  14:25  Overlord x5  
  117  14:35  Hydralisk x2  
  121  14:45  Roach x9  
  139  14:52  Hatchery  
  139  14:58  Overseer, Viper x2  
  139  14:59  Viper  
  147  15:15  Overlord x3  
  147  15:16  Lurker Den  
  147  15:17  Roach x4  
  154  15:29  Hydralisk x4  
  162  15:50  Hydralisk x3  
  162  15:51  Hydralisk x4  
  162  15:54  Overlord  
  162  15:55  Overlord x4  
  176  16:08  Hatchery  
  175  16:15  Roach  
  175  16:16  Roach x11  
  199  16:22  Zerg Missile Weapons Level 3  
  199  16:25  Zergling x2  
  181  17:19  Hydralisk x5  
  181  17:20  Hydralisk x5  
  185  17:34  Hydralisk x8  
  185  17:35  Hydralisk x3  
  199  17:41  Hydralisk x2  
  194  17:46  Hydralisk x5  
  196  17:58  Drone x5  
  199  18:01  Seismic Spines  
  173  18:35  Extractor  
  173  18:37  Extractor  
  173  18:39  Overseer x2  
  163  18:48  Hydralisk  
  163  18:49  Hydralisk x14  
Show
View Real Time Build Order
Export as new Build Order

llllllIIIIII Protoss 

Build Orders:  

Get SALT Encoding   

  12  0:00  Probe  
  13  0:12  Probe  
  14  0:17  Pylon  
  14  0:24  Probe  
  15  0:37  Probe  
  15  0:39  Forge  
  16  0:58  Pylon  
  16  1:02  Pylon  
  16  1:03  Pylon  
  16  1:16  Gateway  
  16  1:22  Pylon  
  16  1:23  Pylon  
  16  1:26  Photon Cannon  
  16  1:31  Pylon  
  16  1:45  Gateway  
  16  1:53  Photon Cannon  
  15  2:05  Photon Cannon  
  15  2:09  Assimilator  
  16  2:22  Gateway  
  15  2:25  Probe  
  16  2:37  Cybernetics Core  
  16  2:38  Probe  
  17  2:51  Photon Cannon  
  17  2:56  Probe  
  18  3:10  Probe  
  19  3:21  Stalker (Chrono Boost)  
  19  3:22  Photon Cannon  
  21  3:30  Stalker (Chrono Boost)  
  23  3:37  Probe  
  23  3:41  Shield Battery  
  24  3:48  Stalker (Chrono Boost)  
  28  4:08  Shield Battery  
  28  4:09  Stalker (Chrono Boost)  
  28  4:14  Stalker (Chrono Boost)  
  30  4:32  Pylon  
  30  4:37  Stalker  
  32  4:49  Pylon  
  32  5:10  Stalker (Chrono Boost)  
  36  5:20  Stalker (Chrono Boost)  
  34  5:23  Photon Cannon  
  34  5:25  Photon Cannon  
  34  5:35  Shield Battery  
  34  5:38  Stalker, Pylon  
  34  5:42  Probe  
  37  6:02  Probe  
  37  6:04  Assimilator  
  40  6:06  Stalker (Chrono Boost)  
  40  6:08  Stalker (Chrono Boost)  
  42  6:14  Probe  
  41  6:39  Probe  
  42  6:52  Stalker x2  
  42  6:53  Probe  
  47  6:59  Shield Battery  
  47  7:03  Pylon  
  47  7:15  Nexus  
  47  7:29  Stargate  
  47  7:32  Probe  
  47  7:33  Stalker  
  50  8:01  Robotics Facility  
  29  8:34  Probe  
  29  8:35  Probe  
  29  8:40  Warp Gate (Chrono Boost)  
  28  8:42  Photon Cannon  
  28  8:44  Gateway  
  28  8:46  Gateway  
  28  8:49  Probe x2  
  28  8:53  Photon Cannon  
  30  8:57  Robotics Bay  
  30  9:04  Probe x2  
  30  9:09  Pylon  
  32  9:20  Stalker  
  32  9:21  Stalker  
  36  9:29  Shield Battery  
  36  9:35  Probe  
  36  9:36  Probe  
  38  9:39  Pylon  
  38  9:41  Colossus (Chrono Boost)  
  44  9:45  Extended Thermal Lance (Chrono Boost)  
  44  9:58  Shield Battery  
  44  10:03  Photon Cannon  
  44  10:17  Probe x2  
  46  10:26  Stalker  
  46  10:27  Colossus  
  54  10:32  Probe x2  
  56  10:46  Probe x2  
  56  10:49  Stargate  
  58  10:55  Assimilator  
  58  10:57  Assimilator  
  58  10:59  Twilight Council  
  58  11:10  Probe x2  
  60  11:22  Warp Prism  
  60  11:24  Stalker x2  
  66  11:32  Charge (Chrono Boost)  
  66  11:39  Phoenix  
  68  11:42  Probe x2  
  70  11:50  Pylon  
  70  12:00  Colossus  
  76  12:06  Stalker  
  78  12:11  Probe x2  
  80  12:21  Phoenix  
  82  12:25  Probe x2  
  84  12:42  Nexus  
  84  12:48  Probe x2  
  86  12:54  Phoenix  
  88  12:59  Disruptor  
  88  13:05  Probe x2  
  93  13:17  Probe x2  
  95  13:20  Pylon  
  95  13:30  Phoenix, Fleet Beacon  
  95  13:32  Probe  
  98  13:45  Assimilator  
  98  13:49  Assimilator  
  98  13:57  Stalker  
  100  14:13  Probe x2  
  102  14:24  Zealot x4  
  102  14:28  Carrier  
  102  14:30  Pylon  
  116  14:36  Probe x3  
  119  14:41  Stargate  
  119  14:43  Stargate  
  119  14:45  Gateway x2  
  119  14:53  Disruptor  
  122  15:02  Probe x2  
  124  15:09  Pylon  
  124  15:14  Zealot x2  
  124  15:15  Zealot x2  
  132  15:29  Observer  
  132  15:34  Probe x3  
  148  15:47  Carrier x2 (Chrono Boost)  
  148  15:55  Carrier (Chrono Boost)  
  154  16:15  Nexus  
  154  16:18  Protoss Air Weapons Level 1 (Chrono Boost)  
  154  16:20  Pylon  
  154  16:24  Observer  
  155  16:32  Protoss Shields Level 1 (Chrono Boost)  
  155  16:40  Photon Cannon  
  155  16:42  Gateway x2  
  155  16:44  Probe  
  155  17:06  Carrier  
  152  17:17  Zealot x3  
  152  17:18  Zealot x2  
  159  17:25  Zealot  
  127  17:37  Zealot x3  
  121  17:46  Zealot x2  
  94  18:08  Zealot x3  
  100  18:16  Zealot x2  
  100  18:17  Zealot  
  79  18:38  Sentry  
  80  18:51  Sentry  
  82  18:58  Sentry  
  84  19:12  Zealot x2  
  88  19:17  Sentry  
Tags
 
Add a new tag
Caveats
  • Supply blocks, unpowered buildings, or Contaminate may cause inaccurate times.
  • Supply counts are checked every 10 seconds.